 Dungeon Crawl Stone Soup version 0.17-a0-1393-gcb420ff (webtiles) character file.

2949 Fluffy the Basher (level 9, -1/55 HPs)
             Began as a Gargoyle Fighter on June 16, 2015.
             Was a Believer of Okawaru.
             Slain by a troll (8 damage)
             ... on level 8 of the Dungeon.
             The game lasted 00:22:46 (8171 turns).

Fluffy the Basher (Gargoyle Fighter)                Turns: 8171, Time: 00:22:46

Health: -1/55      AC: 20    Str: 20    XL:     9   Next: 81%
Magic:  12/12      EV:  6    Int:  9    God:    Okawaru [**....]
Gold:   280        SH: 12    Dex: 12    Spells: 0 memorised, 8 levels left

rFire  + . .     SeeInvis .     a - +0 flail
rCold  . . .     Clarity  .     B - +1 chain mail {rC+}
rNeg   + . .     SustAt   .     D - +2 shield {reflect}
rPois  ∞         Gourm    +     m - +0 helmet
rElec  +         Spirit   .     t - +0 cloak
rCorr  .         Warding  .     g - +0 pair of gloves
rMut   .         Stasis   .     (no boots)
MR     +....                    c - amulet of Biorrehe {Gourm rPois}
Stlth  ..........               f - ring of protection from magic
                                p - ring of fire

@: somewhat resistant to hostile enchantments, extremely unstealthy
A: negative energy resistance 1, electricity resistance, unbreathing,
petrification resistance, rot immunity, AC +5
a: Heroism, Renounce Religion


You were on level 8 of the Dungeon.
You worshipped Okawaru.
Okawaru was pleased with you.
You were not hungry.

You visited 2 branches of the dungeon, and saw 10 of its levels.
You also visited: Sewer.

You collected 406 gold pieces.
You spent 126 gold pieces at shops.

Inventory:

Hand weapons
 a - a +0 flail (weapon)
Armour
 g - a +0 pair of gloves (worn)
 m - a +0 helmet (worn)
 t - a +0 cloak (worn)
 B - a +1 chain mail of cold resistance (worn)
 D - a +2 shield of reflection (worn)
Jewellery
 c - the amulet of Biorrehe (around neck) {Gourm rPois}
   (You found it on level 7 of the Dungeon)

   [amulet of the gourmand]

   It allows you to eat raw meat even when not hungry.
   It protects you from poison.
 f - a ring of protection from magic (right hand)
 p - a ring of fire (left hand)
Magical devices
 q - a wand of confusion (11)
 s - a wand of magic darts (11)
Scrolls
 n - 5 scrolls of teleportation
 o - 3 scrolls of remove curse
 v - a scroll of amnesia
 w - a scroll of blinking
 y - a scroll of magic mapping
 A - a scroll of recharging
Potions
 d - 3 potions of might
 h - 4 potions of haste
 i - a potion of flight
 j - 3 potions of curing {unknown}
 k - 4 potions of brilliance
 l - a potion of ambrosia {unknown}
 x - 5 potions of magic
 C - a potion of invisibility {unknown}
 F - 2 potions of resistance {unknown}
Comestibles
 b - 4 fruits
 e - 7 bread rations
 r - 2 beef jerkies
 u - 7 slices of pizza
 z - 3 meat rations


   Skills:
 + Level 5.9 Fighting
 + Level 10.0 Maces & Flails
 + Level 5.7 Armour
 + Level 6.0 Shields
 + Level 4.5 Invocations


You had 8 spell levels left.
You didn't know any spells.

Dungeon Overview and Level Annotations

Branches:
Dungeon (9/15)             Temple (1/1) D:5
   Lair: D:8-11         Orc: D:9-12

Altars:
Ashenzari
Cheibriados
Dithmenos
Elyvilon
Fedhas
Gozag
Kikubaaqudgha
Makhleb
Okawaru
Ru
Trog
Vehumet
Xom
Yredelemnul
Zin
The Shining One

Shops:
D:7 *   D:8 ((


Innate Abilities, Weirdness & Mutations

You are resistant to torment.
Your stone body is resilient (AC +5).
You are immune to poison.
You resist negative energy.
You are resistant to electric shocks.
You can survive without breathing.
You are immune to petrification.
You are immune to rotting.


Message History

You block the troll's attack. The troll barely misses you.
You block the troll's attack.
You barely miss the troll.
The troll is severely wounded.
The troll bites you but does no damage. You block the troll's attack.
The troll barely misses you.
You closely miss the troll.
The troll is severely wounded.
The troll bites you but does no damage. The troll barely misses you.
The troll claws you.
* * * LOW HITPOINT WARNING * * *
You sock the troll!
The troll is almost dead.
The troll bites you but does no damage. The troll claws you but does no damage.
The troll claws you.
* * * LOW HITPOINT WARNING * * *
You hit the troll.
The troll is almost dead.
The troll bites you!
You die...

#################
#.......#.......#
#.#####.#..####.#
#.#####.#..####.######
#######.##.......T.........#
......(((...((#.@####.####.####
...........##.#..####.#.......#
.####.####....#.>.....#.#####.#
.##.....##.##.#########.# #.#
.#.......#.##.# #.# #.#
.#.......#....####### #.# #.#
....._.....####.....# #.#####.#
.#.......#.# #.....# #.......#
.#..†.[..#.# #.....# #.#######


You could see a troll.

Vanquished Creatures
  Eustachio (D:6)
  A hungry ghost (D:7)
  A hog (D:7)
  A human (D:7)
  Edmund (D:5)
  A water moccasin (D:8)
  Duvessa (D:5)
  2 orc warriors
  An ogre (D:8)
  A wasp (D:8)
  3 phantoms
  A sky beast (D:7)
  5 centaurs
  4 giant frogs
  Dowan (D:5)
  2 crimson imps
  A centaur zombie (D:8)
  A hound (D:4)
  Crazy Yiuf (D:5)
  A jelly (D:6)
  Jessica (D:2)
  A centaur skeleton (D:6)
  An orc wizard (D:5)
  3 sheep (D:7)
  3 worker ants
  A hound skeleton (D:5)
  3 gnolls (D:6)
  9 adders
  A river rat (D:6)
  An adder zombie (D:6)
  2 worms
  3 giant geckos
  8 orcs
  A bat skeleton (D:4)
  A giant cockroach (D:6)
  9 goblins
  12 hobgoblins
  23 jackals
  18 kobolds
  2 quokkas
  7 ball pythons
  11 bats
  A giant gecko skeleton (D:5)
  3 giant newts
  6 rats
  A plant (Sewer)
163 creatures vanquished.

Notes
Turn   | Place    | Note
--------------------------------------------------------------
     0 | D:1      | Fluffy the Gargoyle Fighter began the quest for the Orb.
     0 | D:1      | Reached XP level 1. HP: 14/14 MP: 1/1
    51 | D:1      | Reached XP level 2. HP: 17/19 MP: 2/2
   448 | D:1      | Reached XP level 3. HP: 19/23 MP: 3/3
   819 | D:2      | Reached skill level 4 in Maces & Flails
   843 | D:2      | Reached XP level 4. HP: 18/28 MP: 4/4
   924 | D:2      | Found a burning altar of Makhleb.
  1287 | D:2      | Noticed Jessica
  1313 | D:2      | Killed Jessica
  1563 | D:3      | Reached skill level 5 in Maces & Flails
  1572 | D:3      | Reached XP level 5. HP: 30/32 MP: 5/5
  1606 | D:3      | Found a shadowy altar of Dithmenos.
  1961 | D:3      | Found a blossoming altar of Fedhas.
  2469 | D:4      | Found a glowing golden altar of the Shining One.
  2753 | D:4      | Found a snail-covered altar of Cheibriados.
  2951 | D:5      | Entered Level 5 of the Dungeon
  3021 | D:5      | Noticed Dowan
  3022 | D:5      | Noticed Duvessa
  3034 | D:5      | Killed Duvessa
  3034 | D:5      | Reached skill level 6 in Maces & Flails
  3034 | D:5      | Reached XP level 6. HP: 32/37 MP: 6/6
  3078 | D:5      | Killed Dowan
  3078 | D:5      | Reached skill level 7 in Maces & Flails
  3283 | D:5      | Found a radiant altar of Vehumet.
  3451 | D:5      | Noticed a centaur
  3459 | D:5      | Killed a centaur
  3459 | D:5      | Reached XP level 7. HP: 24/41 MP: 7/7
  3630 | D:5      | Noticed an angel
  3631 | D:5      | Found a glowing silver altar of Zin.
  3656 | D:5      | Noticed Crazy Yiuf
  3663 | D:5      | Killed Crazy Yiuf
  3697 | D:5      | Noticed a phantom
  3701 | D:5      | Noticed Edmund
  3728 | D:5      | Killed Edmund
  3728 | D:5      | Reached skill level 8 in Maces & Flails
  3764 | D:5      | Killed a phantom
  3918 | D:5      | Noticed a centaur
  3935 | D:5      | Killed a centaur
  3993 | D:5      | Found a staircase to the Ecumenical Temple.
  4189 | Temple   | Entered the Ecumenical Temple
  4243 | Temple   | Became a worshipper of Warmaster Okawaru
  4400 | D:6      | Noticed Eustachio
  4435 | D:6      | Killed Eustachio
  4435 | D:6      | Reached skill level 9 in Maces & Flails
  4435 | D:6      | Reached skill level 1 in Invocations
  4435 | D:6      | Reached XP level 8. HP: 44/46 MP: 8/8
  4448 | D:6      | Found a shattered altar of Ashenzari.
  4592 | D:6      | Found a glowing drain.
  4596 | Sewer    | Entered a sewer
  5697 | D:6      | Acquired Okawaru's first power
  6503 | D:7      | Reached XP level 9. HP: 49/52 MP: 11/11
  6651 | D:7      | Found Maer's Assorted Antiques.
  6658 | D:7      | Bought a shiny shield for 126 gold pieces
  6723 | D:7      | Got a flickering iron amulet
  6724 | D:7      | Identified the amulet of Biorrehe {Gourm rPois} (You found it on level 7 of the Dungeon)
  7074 | D:7      | Reached skill level 5 in Fighting
  7074 | D:7      | Reached skill level 5 in Armour
  7074 | D:7      | Reached skill level 5 in Shields
  7374 | D:8      | Found Conor's Antique Weapon Emporium.
  7449 | D:8      | Found an opulent altar of Gozag.
  7517 | D:8      | Found Qeleyr's Weapon Shop.
  7892 | D:8      | Reached skill level 10 in Maces & Flails
  8171 | D:8      | Slain by a troll

Vault maps used:
D:1:      dpeg_arrival_pits, hangedman_decor_clover_reticule
D:2:      lightli_temple_of_fire, first_bread, uniq_jessica
D:3:      grunt_dithmenos_smoke, minivault_4, fedhas_altar_4
D:4:      cheibriados_altar_1, tso_metal_star
D:5:      zin_angel, vehumet_altar_wand_db, minmay_temple_entry_glassed_door,
          uniq_crazy_yiuf_cottage, uniq_edmund, uniq_duvessa
D:6:      cheibrodos_ashenzari_chains, gup_sewer_entry_bowl, uniq_eustachio
D:7:      serial_shops, nicolae_shop_waterfront, grunt_livestock,
          minmay_misc_feat_five
D:8:      old_standard_altar, serial_shops, kennysheep_mini, nicolae_shop_trees
D:9:      led_sif_book, minitemple, special_room, serial_shops, shop,
          basic_altar
Temple:   minmay_temple_curvy_8
Sewer:    sewer_co_scattered_pipes

Action                   |  1- 3 |  4- 6 |  7- 9 || total
-------------------------+-------+-------+-------++-------
Melee: Flail             |    70 |   145 |   610 ||   825
       Whip              |    91 |    91 |       ||   182
Evoke: Wand              |       |     2 |       ||     2
  Use: Scroll            |     2 |     7 |     8 ||    17
  Eat: Chunk             |       |     8 |    22 ||    30
       Pizza             |       |       |     1 ||     1
